Map: Tokamak LE

Players

SubN

  • Race: Zerg Zerg
  • League: Master
  • Spawn Location: 1:00

royliuboy - Winner!

  • Race: Protoss Protoss
  • League: Diamond
  • Spawn Location: 7:00

VOD

Have the link to the VOD?

Description

Time

  • Played on: July 13, 2025, 3:43 p.m.
  • Length: 5:29
Show
View Real Time Build Order
Export as new Build Order

SubN Zerg 

Build Orders: Pool First 

Get SALT Encoding   

  12  0:00  Drone  
  13  0:08  Drone  
  14  0:26  Spawning Pool  
  13  0:29  Extractor  
  12  0:55  Hatchery  
  11  1:14  Queen  
  13  1:23  Overlord  
  13  1:29  Zergling x2  
  14  1:53  Queen  
  16  1:56  Zergling x2  
  17  2:03  Metabolic Boost  
  17  2:12  Zergling x2  
  17  2:13  Zergling x2  
  19  2:24  Zergling x4  
  21  2:40  Zergling x6  
  24  2:46  Overlord  
  23  2:57  Drone x2  
  25  3:00  Drone  
  26  3:09  Overlord  
  26  3:19  Drone  
  28  3:20  Drone  
  28  3:21  Drone  
  29  3:27  Drone  
  29  3:30  Drone  
  29  3:33  Drone  
  32  3:41  Drone  
  32  3:47  Drone x2  
  35  3:51  Drone x3  
  38  4:00  Overlord  
  38  4:02  Overlord  
  38  4:08  Drone x2  
  40  4:14  Overlord  
  40  4:19  Drone x3  
  43  4:37  Overlord x3  
  43  4:48  Baneling Nest  
  42  4:55  Drone x2  
  42  4:57  Evolution Chamber  
  42  4:58  Evolution Chamber  
  42  5:00  Roach Warren  
  41  5:11  Drone x5  
  46  5:20  Spore Crawler  
Show
View Real Time Build Order
Export as new Build Order

royliuboy Protoss - Winner!

Build Orders: Dark Templar Rush 

Get SALT Encoding   

  12  0:01  Probe  
  13  0:13  Probe  
  14  0:19  Pylon  
  14  0:24  Assimilator  
  14  0:28  Probe  
  15  0:44  Gateway  
  15  0:49  Probe  
  16  0:57  Probe  
  17  1:07  Probe  
  18  1:17  Gateway  
  18  1:20  Probe  
  19  1:31  Zealot  
  21  1:39  Pylon  
  21  1:41  Cybernetics Core  
  21  1:42  Probe  
  22  1:50  Assimilator  
  22  1:55  Probe  
  23  2:17  Stalker  
  23  2:19  Probe  
  23  2:22  Warp Gate  
  26  2:27  Twilight Council  
  26  2:31  Probe  
  26  2:34  Robotics Facility  
  27  2:46  Shield Battery  
  27  3:07  Dark Shrine  
  27  3:19  Gateway  
  27  3:21  Gateway  
  27  3:22  Charge  
  27  3:27  Pylon  
  27  3:31  Warp Prism  
  29  3:55  Gateway  
  29  4:05  Pylon  
  29  4:22  Gateway  
  29  4:39  Dark Templar x3  
  35  4:52  Dark Templar  
Tags
 
Add a new tag
Caveats
  • Supply blocks, unpowered buildings, or Contaminate may cause inaccurate times.
  • Supply counts are checked every 10 seconds.